 Dungeon Crawl Stone Soup version 0.20.0-10-g0535bb4 (webtiles) character file.

249 asdasd2 the Covered (level 5, -1/47 HPs)
             Began as a Minotaur Fighter on June 5, 2017.
             Slain by a worker ant (5 damage)
             ... on level 3 of the Dungeon.
             The game lasted 00:03:33 (2190 turns).

asdasd2 the Covered (Minotaur Fighter)              Turns: 2190, Time: 00:03:34

Health: -1/47      AC:  7    Str: 21    XL:     5   Next: 87%
Magic:  4/4        EV:  9    Int:  5    God:
Gold:   119        SH:  0    Dex: 10    Spells: 4/4 levels left

rFire    . . .     SeeInvis .   g - +0 hand axe
rCold    . . .     Gourm    .   (no shield)
rNeg     . . .     Faith    .   b - +0 scale mail
rPois    .         Spirit   .   (helmet restricted)
rElec    .         Reflect  .   (no cloak)
rCorr    .         Harm     .   (no gloves)
MR       .....                  (no boots)
Stlth    ..........             (no amulet)
Regen    0.2/turn               (no ring)
MPRegen  0.1/turn               (no ring)

@: no status effects
A: retaliatory headbutt, horns 2
a: no special abilities


You were on level 3 of the Dungeon.
You were not hungry.

You visited 1 branch of the dungeon, and saw 3 of its levels.

You collected 119 gold pieces.

Inventory:

Hand Weapons
 a - a +1 war axe
 g - a +0 hand axe (weapon)
Armour
 b - a +0 scale mail (worn)
Scrolls
 c - 3 scrolls of identify
 d - a scroll of enchant weapon
 k - 2 scrolls of remove curse {unknown}
 m - a scroll of magic mapping
 o - a scroll of fog {unknown}
 p - a scroll of enchant armour {unknown}
 r - a scroll of noise {unknown}
Potions
 e - a potion of lignification {unknown}
 h - 3 potions of flight {unknown}
 j - 3 potions of agility
 l - a potion of magic
 q - a potion of heal wounds {unknown}
 s - a potion of resistance {unknown}
Comestibles
 f - a bread ration
 i - a meat ration
 n - a fruit
 t - a royal jelly


   Skills:
 + Level 4.3 Fighting
 * Level 5.2 Axes
 * Level 5.9 Armour
 + Level 0.2 Dodging
   Level 3.6 Shields


You had 4 spell levels left.
You didn't know any spells.

Dungeon Overview and Level Annotations

Branches:
Dungeon (3/15)

Altars:


Innate Abilities, Weirdness & Mutations

You reflexively headbutt those who attack you in melee.
You have a pair of horns on your head.


Message History

The gnoll hits you from afar with a spear!
* * * LOW HITPOINT WARNING * * *
The gnoll hits you from afar with a spear.
* * * LOW HITPOINT WARNING * * *
Okay, then.
Okay, then.
You see here a flail.
There is a stone staircase leading down here.
A worker ant comes into view.
The worker ant twitches its antennae in your direction.
You hit the gnoll but do no damage. You headbutt the gnoll!
The gnoll is heavily wounded.
You barely miss the worker ant. The worker ant barely misses you.
The gnoll hits you.
* * * LOW HITPOINT WARNING * * *
The worker ant bites you but does no damage.
The gnoll misses you.
The worker ant bites you but does no damage.
The worker ant bites you.
You die...

##.###.#.............####.#.#
#.#...#....#........# #.#.#
#.#.###........#..#.# #.#.#
#.............).#...####.#.#
###.####.#####...........#.#
#.#......# ##g#.########.#
#.#...g..# #g#.#.....†..#
...#......# #a#.#.########
........### #@#.#<.....#
.######.# #.#.#.#.##.# . #.#
#.#.#.#..#.# #.# #.#.#.#..#.#
#g######.#.#.#..#.#
#g.........#....#.#
#..........#....#.#
#..........#.####.# ..
#.######.#.#.# #.#


You could see a worker ant and 2 gnolls.

Vanquished Creatures
  The ghost of Soyweiser the Poker, an amateur MfSk of Nemelex Xobeh (D:3)
  A gnoll shaman (D:3)
  7 gnolls (D:3)
  An adder (D:2)
  3 oozes
  A dart slug (D:1)
  5 orcs (D:3)
  3 giant cockroaches
  6 hobgoblins
  4 jackals (D:3)
  A kobold (D:2)
  A quokka (D:3)
  A ball python (D:1)
  4 bats
  A frilled lizard (D:3)
  6 goblins
  5 rats
51 creatures vanquished.

Notes
Turn   | Place    | Note
-------+----------+-------------------------------------------
     0 | D:1      | asdasd2 the Minotaur Fighter began the quest for the Orb.
     0 | D:1      | Reached XP level 1. HP: 19/19 MP: 0/0
   130 | D:1      | Reached XP level 2. HP: 22/27 MP: 1/1
   734 | D:2      | Reached XP level 3. HP: 33/33 MP: 2/2
  1549 | D:3      | Noticed Soyweiser's ghost (amateur MfSk)
  1617 | D:3      | Killed Soyweiser's ghost
  1617 | D:3      | Reached skill level 5 in Armour
  1617 | D:3      | Reached XP level 4. HP: 29/40 MP: 3/3
  1626 | D:3      | Reached XP level 5. HP: 27/46 MP: 4/4
  1907 | D:3      | Reached skill level 5 in Axes
  2148 | D:3      | HP: 2/47 [gnoll/spear (6)]
  2190 | D:3      | Slain by a worker ant

Skill      XL: |  1  2  3  4  5 |
---------------+----------------+-----
Armour         | 4 5 |  5.9
Fighting       | 4 |  4.3
Axes           | 4 5 |  5.2
Dodging        | |  0.2
Shields        | |  3.6

Action                   |  1- 3 |  4- 6 || total
-------------------------+-------+-------++-------
Melee: Hand axe          |    69 |    52 ||   121
       War axe           |     7 |       ||     7
       Headbutt          |    11 |    14 ||    25
  Use: Scroll            |     8 |       ||     8
       Potion            |     1 |       ||     1
  Eat: Royal jelly       |     1 |       ||     1
       Chunk             |       |     2 ||     2
Armor: Scale mail        |    35 |    24 ||    59
Dodge: Dodged            |    31 |    23 ||    54
